 Dungeon Crawl Stone Soup version 0.31.0-12-g77e489cdc1 (webtiles) character file.

Game seed: 5680378258341538055

184 Cheops the Ruffian (level 5, 0/33 HPs)
             Began as an Octopode Shapeshifter on Mar 2, 2024.
             Slain by an orc priest
             ... wielding a +0 club
              (6 damage)
             ... on level 3 of the Dungeon.
             The game lasted 00:04:07 (1836 turns).

Cheops the Ruffian (Octopode Shapeshifter)          Turns: 1836, Time: 00:04:08

Health: 0/33       AC:  1    Str: 15    XL:     5   Next: 63%
Magic:  5/5        EV: 13    Int: 12    God:
Gold:   113        SH:  0    Dex: 12    Spells: 4/4 levels left

rFire   . .          .
                       - Unarmed
rCold   . . .        (no shield)
rNeg    . . .        (helmet currently unavailable)
rPois   .            (no amulet)
rElec   .            (no ring)
rCorr   .            (no ring)
SInv    .            (no ring)
Will    .....        (no ring)
Stlth   ++           (no ring)
HPRegen 0.25/turn    (no ring)
MPRegen 0.09/turn    (no ring)
                     (no ring)

%: no passive effects
@: beast-form
A: beast (slay +2), almost no armour, amphibious, 8 rings, camouflage 1,
gelatinous body 1, (nimble swimmer 1), tentacles
a: Begin Untransformation


You were on level 3 of the Dungeon.
You were a hulking beast.
You visited 1 branch of the dungeon, and saw 3 of its levels.

You collected 113 gold pieces.

Inventory:

Talismans
 b - a beast talisman (active)
 c - a flux talisman
Scrolls
 f - 2 scrolls of noise {unknown}
 g - 3 scrolls of blinking {unknown}
 h - 3 scrolls of identify {unknown}
 i - 3 scrolls of poison {unknown}
 l - a scroll of teleportation {unknown}
 n - a scroll of amnesia {unknown}
Potions
 a - a potion of lignification
 d - 2 potions of curing {unknown}
 e - 2 potions of degeneration {unknown}
 j - a potion of heal wounds {unknown}
 k - 4 potions of might {unknown}
 m - 2 potions of mutation {unknown}


   Skills:
 - Level 1.0 Fighting
 - Level 2.0 Dodging
 - Level 5.0 Unarmed Combat
 + Level 4.4 Shapeshifting


You had 4 spell levels left.
You didn't know any spells.
Your spell library contained the following spells:

 Spells                   Type           Power      Damage    Failure   Level
 Ensorcelled Hibernation  Hex/Ice        0%         N/A       45%         2
 Passwall                 Erth           0%         N/A       69%         3
 Swiftness                Air            0%         N/A       69%         3


Dungeon Overview and Level Annotations

Branches:
Dungeon (3/15)

Altars:


Innate Abilities, Weirdness & Mutations

You are a hulking beast.
Your limbs bulge with bestial killing power. (Slay +2)
You cannot wear most types of armour.
You are amphibious.
You can wear up to eight rings at the same time.
Your skin changes colour to match your surroundings (Stealth+).
Your rubbery body absorbs attacks. (AC +1, EV +1)
((You are camouflaged when in or above water. (Stealth+)))
You have tentacles for arms and can constrict up to eight enemies at once.


Message History

The orc wizard hits you with a +2 dagger of electrocution.
You are electrocuted!
* * * LOW HITPOINT WARNING * * *
You tentacle-slap the orc wizard. Your grab misses the orc wizard.
Your squeeze misses the orc wizard.
The orc wizard is heavily wounded.
The orc wizard closely misses you.
You bludgeon the orc wizard!
You kill the orc wizard!
Your Shapeshifting skill increases to level 4!
You tentacle-slap the orc. You grab the orc.
The orc is moderately wounded.
You constrict the orc, but do no damage.
The orc hits you with a +0 club.
* * * LOW HITPOINT WARNING * * *
You tentacle-slap the orc but do no damage.
You squeeze the orc.
You kill the orc!
Items here: ))) [[[.
The orc wizard barely misses you.
You barely miss the orc wizard.
The orc priest shouts!
You grab the orc wizard. You constrict the orc wizard.
You tentacle-slap the orc wizard but do no damage.
The orc wizard is lightly wounded.
You constrict the orc wizard.
The orc wizard hits you with a +0 dagger.
* * * LOW HITPOINT WARNING * * *
You tentacle-slap the orc wizard but do no damage.
You squeeze the orc wizard!
The orc wizard is almost dead.
You constrict the orc wizard. The orc wizard casts a spell at you.
You resist with some effort.
You bludgeon the orc wizard!
You kill the orc wizard!
Things that are here:
a +0 dagger; a +0 robe; an orc corpse The orc priest hits you with a +0 club.
You die...

#.........#
####.###### #.#
#.# #.# #.#####
#..)..#
##)###.#
##.h.##.#
##..o....#
###†.......#
#..........#
#.#.......)#
##.##..[[...#
###...##...##.#
#.............#
#.#...###.....


You could see an orc priest.

Vanquished Creatures
  2 orc wizards (D:3)
  Natasha (thrice) (D:2)
  An adder (D:2)
  A dart slug (D:2)
  2 orcs (D:3)
  7 ball pythons
  4 bats
  4 endoplasms (D:2)
  3 giant cockroaches
  4 goblins
  3 hobgoblins
  5 kobolds
  3 quokkas (D:1)
  2 frilled lizards
  4 rats
48 creatures vanquished.

Notes
Turn   | Place    | Note
-------+----------+-------------------------------------------
     0 | D:1      | Cheops the Octopode Shapeshifter began the quest for the
                  | Orb.
     0 | D:1      | Reached XP level 1. HP: 13/13 MP: 1/1
   171 | D:1      | Reached XP level 2. HP: 15/18 MP: 2/2
   198 | D:1      | Found a faded altar of an unknown god.
   902 | D:2      | Noticed Natasha
   908 | D:2      | Killed Natasha
   909 | D:2      | Reached skill level 4 in Unarmed Combat
   909 | D:2      | Reached XP level 3. HP: 21/23 MP: 3/3
  1089 | D:2      | Noticed Natasha
  1097 | D:2      | Killed Natasha
  1098 | D:2      | Reached skill level 5 in Unarmed Combat
  1098 | D:2      | Reached XP level 4. HP: 24/28 MP: 4/4
  1206 | D:2      | Noticed Natasha
  1212 | D:2      | Killed Natasha
  1213 | D:2      | Reached XP level 5. HP: 33/33 MP: 5/5
  1836 | D:3      | Slain by an orc priest

Illustrated notes

Levels and vault maps discovered:
D:1:      kennysheep_arrival_seaside, layout_loops_cross,
          hellmonk_ecumenical_altar_arch_garden
D:2:      layout_loops_ring, dk_vineyard_3, chequers_jeans, minmay_heptomino_o4,
          uniq_natasha
D:3:      layout_loops_ring

Skill      XL: |  1  2  3  4  5 |
---------------+----------------+-----
Unarmed Combat | 4 5 |  5.0
Shapeshifting  | 4 |  4.4
Fighting       | |  1.0
Dodging        | |  2.0

Action                     |  1- 3 |  4- 6 || total
---------------------------+-------+-------++-------
  Melee: Unarmed           |    57 |    41 ||    98
         Constrict         |    11 |     9 ||    20
         Tentacles         |     9 |     7 ||    16
         Punch             |     1 |     2 ||     3
Ability: Begin Untransform |     1 |       ||     1
   Stab: Sleeping          |     5 |     1 ||     6
 Armour: Skin              |    20 |    10 ||    30
  Dodge: Dodged            |    34 |    20 ||    54
   Form: Beast             |     1 |       ||     1
